BSA
EL DORADO OILERS @ ST. LOUIS BROWNS
06/09/2029
 
TOP OF THE 1ST
El Dorado Oilers batting - Pitching for St. Louis Browns : LHP Bernardo Miranda
Pitching: LHP Bernardo Miranda
Batting: LHB Mathew Clayton 0-0: Swinging Strike
0-1: Ball
1-1: Swinging Strike
1-2: Foul Ball, location: 2F
1-2: Ball
2-2: Foul Ball, location: 2F
2-2: Strikes out swinging, 2-3 out at first.
Batting: SHB Theron Harper 0-0: Ball
1-0: Ground out 4-3 (Groundball, 4)
Batting: LHB José Hernández 0-0: Ball
1-0: Called Strike
1-1: Ball
2-1: Ground out 4-3 (Groundball, 4)
Top of the 1st over - 0 runs, 0 hits, 0 errors, 0 left on base; El Dorado 0 - St. Louis 0
BOTTOM OF THE 1ST
St. Louis Browns batting - Pitching for El Dorado Oilers : RHP Francisco Ríos
Pitching: RHP Francisco Ríos
Batting: RHB Manuel Alonso 0-0: Ball
1-0: Ball
2-0: Ball
3-0: Called Strike
3-1: Base on Balls
Batting: RHB Jeff Jones 0-0: SINGLE (Groundball, 4D)
Manuel Alonso to second
Runner from 2nd tries for 3rd, SAFE, no throw
Batting: LHB Mike Hill 0-0: Ball
1-0: Called Strike
1-1: Ball
2-1: Called Strike
2-2: Fly out, F8 (Flyball, 8RM)
Runner from 3rd tags up, SCORES, no throw
Batting: LHB Marvin Morris 0-0: Ball
1-0: Called Strike
1-1: Ball
2-1: Foul Ball, location: 2F
2-2: Foul Ball, location: 2F
2-2: Foul Ball, location: 2F
2-2: Ball
3-2: Base on Balls
Jeff Jones to second
Batting: LHB Dave Watson 0-0: Called Strike
0-1: Ball
1-1: SINGLE (Groundball, 3D)
Jeff Jones to third
Marvin Morris to second
Runner from 3rd tries for Home, SAFE, no throw
Batting: LHB Junior Coates 0-0: SINGLE (Groundball, 4MD)
Marvin Morris to third
Dave Watson to second
Runner from 3rd tries for Home, SAFE, throw made home
Batting: RHB Anthony Rucker 0-0: Ball
1-0: Swinging Strike
1-1: Foul Ball, location: 2F
1-2: Foul Ball, location: 2F
1-2: Strikes out swinging
Batting: RHB Javier Martínez 0-0: Fly out, F7 (Flyball, 7LS)
Bottom of the 1st over - 3 runs, 3 hits, 0 errors, 2 left on base; El Dorado 0 - St. Louis 3
TOP OF THE 2ND
El Dorado Oilers batting - Pitching for St. Louis Browns : LHP Bernardo Miranda
Batting: RHB Ernesto Acosta 0-0: Ball
1-0: Foul Ball, location: 2F
1-1: Ball
2-1: Ball
3-1: Called Strike
3-2: Fly out, F2 (Popup, 2LF)
Batting: RHB Bob Johnson 0-0: Foul Ball, location: 2F
0-1: Ground out 5-3 (Groundball, 56)
Batting: RHB Sixto Vélez 0-0: Ball
1-0: Swinging Strike
1-1: Ball
2-1: Ground out 6-3 (Groundball, 6)
Top of the 2nd over - 0 runs, 0 hits, 0 errors, 0 left on base; El Dorado 0 - St. Louis 3
BOTTOM OF THE 2ND
St. Louis Browns batting - Pitching for El Dorado Oilers : RHP Francisco Ríos
Batting: RHB António Venecia 0-0: SINGLE (Groundball, 6MD)
Batting: RHB Manuel Alonso 0-0: Called Strike
0-1: Fly out, F5 (Line Drive, 5)
Batting: RHB Jeff Jones 0-0: Fly out, F7 (Flyball, 78XD)
Batting: LHB Mike Hill 0-0: Ball
1-0: Ball
2-0: Reached on error, E4 (Groundball, 4)
António Venecia to third
Batting: LHB Marvin Morris 0-0: Called Strike
0-1: Ball
1-1: Ball
2-1: Foul Ball, location: 2F
2-2: Ball
3-2: Hit by Pitch
Batting: LHB Dave Watson 0-0: Ball
Wild Pitch!
António Venecia scores
Mike Hill to third
Marvin Morris to second
1-0: Swinging Strike
1-1: Ball
2-1: Foul Ball, location: 2F
2-2: 3-RUN HOME RUN (Flyball, 89XD), Distance : 397 ft
Batting: LHB Junior Coates 0-0: Called Strike
0-1: Foul Ball, location: 2F
0-2: Ball
1-2: Foul Ball, location: 2F
1-2: Foul Ball, location: 2F
1-2: Ball
2-2: Strikes out swinging
Bottom of the 2nd over - 4 runs, 2 hits, 1 error, 0 left on base; El Dorado 0 - St. Louis 7
TOP OF THE 3RD
El Dorado Oilers batting - Pitching for St. Louis Browns : LHP Bernardo Miranda
Batting: RHB Chris Parker 0-0: Called Strike
0-1: Swinging Strike
0-2: Ball
1-2: Ball
2-2: Ball
3-2: Foul Ball, location: 2F
3-2: Strikes out swinging
Batting: RHB José Carlos Caraballo 0-0: Foul Ball, location: 2F
0-1: Ball
1-1: Ball
2-1: Foul Ball, location: 2F
2-2: DOUBLE (Line Drive, 89D)
Batting: LHB Ashley Pickhills 0-0: Ball
1-0: Ground out 5-3 (Groundball, 5)
Batting: LHB Mathew Clayton 0-0: Ball
1-0: Called Strike
1-1: Ball
2-1: SINGLE (Line Drive, 4MD)
José Carlos Caraballo to third
Runner from 3rd tries for Home, SAFE, no throw
Batting: SHB Theron Harper 0-0: Called Strike
Mathew Clayton is caught stealing 2nd base
Top of the 3rd over - 1 run, 2 hits, 0 errors, 0 left on base; El Dorado 1 - St. Louis 7
BOTTOM OF THE 3RD
St. Louis Browns batting - Pitching for El Dorado Oilers : RHP Francisco Ríos
Batting: RHB Anthony Rucker 0-0: Ball
1-0: Foul Ball, location: 2F
1-1: Swinging Strike
1-2: Fly out, F3 (Popup, 3)
Batting: RHB Javier Martínez 0-0: Ball
1-0: Called Strike
1-1: Foul Ball, location: 2F
1-2: Foul Ball, location: 2F
1-2: Strikes out swinging
Batting: RHB António Venecia 0-0: Ball
1-0: Ball
2-0: Ball
3-0: Called Strike
3-1: Foul Ball, location: 2F
3-2: Foul Ball, location: 2F
3-2: Base on Balls
Batting: RHB Manuel Alonso 0-0: Called Strike
0-1: Ball
1-1: Ground out 1-3 (Groundball, 15)
Bottom of the 3rd over - 0 runs, 0 hits, 0 errors, 1 left on base; El Dorado 1 - St. Louis 7
TOP OF THE 4TH
El Dorado Oilers batting - Pitching for St. Louis Browns : LHP Bernardo Miranda
Batting: SHB Theron Harper 0-0: Called Strike
0-1: Ball
1-1: Swinging Strike
1-2: Ball
2-2: Foul Ball, location: 2F
2-2: Ball
3-2: Foul Ball, location: 2F
3-2: Ground out 6-3 (Groundball, 6S)
Batting: LHB José Hernández 0-0: Ball
1-0: Ball
2-0: Foul Ball, location: 2F
2-1: Foul Ball, location: 2F
2-2: Ball
3-2: SINGLE (Groundball, 6MD)
Batting: RHB Ernesto Acosta 0-0: Called Strike
0-1: Foul Ball, location: 2F
0-2: Foul Ball, location: 2F
0-2: Grounds into double play, 6-4-3 (Groundball, 6)
Top of the 4th over - 0 runs, 1 hit, 0 errors, 0 left on base; El Dorado 1 - St. Louis 7
BOTTOM OF THE 4TH
St. Louis Browns batting - Pitching for El Dorado Oilers : RHP Francisco Ríos
Pitching: RHP Pete Cook
Batting: RHB Jeff Jones 0-0: Called Strike
0-1: Foul Ball, location: 2F
0-2: Ball
1-2: Fly out, F7 (Flyball, 7S)
Batting: LHB Mike Hill 0-0: Ball
1-0: Ball
2-0: Ground out U3 (Groundball, 3)
Batting: LHB Marvin Morris 0-0: Ball
1-0: Ball
2-0: Called Strike
2-1: Ball
3-1: Swinging Strike
3-2: Foul Ball, location: 2F
3-2: Base on Balls
Batting: LHB Dave Watson 0-0: Ball
Wild Pitch!
Marvin Morris to second
1-0: Ball
2-0: Ball
3-0: Called Strike
3-1: Foul Ball, location: 2F
3-2: Strikes out swinging
Bottom of the 4th over - 0 runs, 0 hits, 0 errors, 1 left on base; El Dorado 1 - St. Louis 7
TOP OF THE 5TH
El Dorado Oilers batting - Pitching for St. Louis Browns : LHP Bernardo Miranda
Batting: RHB Bob Johnson 0-0: Ball
1-0: Called Strike
1-1: Ball
2-1: Called Strike
2-2: Strikes out swinging
Batting: RHB Sixto Vélez 0-0: Foul Ball, location: 2F
0-1: Fly out, F9 (Flyball, 9LM)
Batting: RHB Chris Parker 0-0: Called Strike
0-1: Swinging Strike
0-2: Foul Ball, location: 2F
0-2: Strikes out swinging
Top of the 5th over - 0 runs, 0 hits, 0 errors, 0 left on base; El Dorado 1 - St. Louis 7
BOTTOM OF THE 5TH
St. Louis Browns batting - Pitching for El Dorado Oilers : RHP Pete Cook
Batting: LHB Junior Coates 0-0: Fly out, F9 (Flyball, 9LD)
Batting: RHB Anthony Rucker 0-0: Ball
1-0: Ball
2-0: Called Strike
2-1: Ball
3-1: Base on Balls
Batting: RHB Javier Martínez 0-0: Called Strike
Anthony Rucker steals 2nd base
0-1: Ball
1-1: Fly out, F8 (Flyball, 8LS)
Batting: RHB António Venecia 0-0: Called Strike
0-1: Foul Ball, location: 2F
0-2: Strikes out swinging
Bottom of the 5th over - 0 runs, 0 hits, 0 errors, 1 left on base; El Dorado 1 - St. Louis 7
TOP OF THE 6TH
El Dorado Oilers batting - Pitching for St. Louis Browns : LHP Bernardo Miranda
Batting: RHB José Carlos Caraballo 0-0: Ball
1-0: Called Strike
1-1: Ball
2-1: Swinging Strike
2-2: Foul Ball, location: 2F
2-2: Strikes out looking
Batting: LHB Ashley Pickhills 0-0: Ball
1-0: Fly out, F8 (Flyball, 89M)
Batting: LHB Mathew Clayton 0-0: Ball
1-0: Ball
2-0: Reached on error, E4 (Groundball, 4S)
Pitching: RHP Máximo Marín
Batting: SHB Theron Harper 0-0: Ball
1-0: Foul Ball, location: 2F
1-1: Ball
2-1: SINGLE (Groundball, 34D)
Mathew Clayton to second
Runner from 2nd tries for 3rd, OUT!
Top of the 6th over - 0 runs, 1 hit, 1 error, 1 left on base; El Dorado 1 - St. Louis 7
BOTTOM OF THE 6TH
St. Louis Browns batting - Pitching for El Dorado Oilers : RHP Pete Cook
Batting: RHB Manuel Alonso 0-0: Ball
1-0: SINGLE (Line Drive, 78S)
Batting: RHB Jeff Jones 0-0: Called Strike
0-1: Ball
1-1: Foul Ball, location: 2F
1-2: Foul Ball, location: 2F
1-2: DOUBLE (Flyball, 78D)
Manuel Alonso to third
Runner from 3rd tries for Home, SAFE, no throw
Batting: LHB Mike Hill 0-0: Ball
1-0: Called Strike
1-1: Ball
2-1: Ball
3-1: SINGLE (Groundball, 6MD)
Jeff Jones to third
Batting: LHB Marvin Morris 0-0: Ball
1-0: Ball
2-0: Ball
3-0: Base on Balls
Mike Hill to second
Batting: LHB Dave Watson 0-0: Ball
1-0: Ball
2-0: GRAND SLAM HOME RUN (Flyball, 9LD), Distance : 348 ft
Batting: LHB Junior Coates 0-0: Foul Ball, location: 2F
0-1: Ground out U3 (Groundball, 34)
Batting: RHB Anthony Rucker 0-0: Single, Error in OF, E7, batter to second base
Batting: RHB Javier Martínez 0-0: Foul Ball, location: 2F
0-1: Ball
1-1: Foul Ball, location: 2F
1-2: Ball
2-2: Ground out 5-3 (Groundball, 56S)
Anthony Rucker to third
Batting: RHB António Venecia 0-0: Foul Ball, location: 2F
0-1: Swinging Strike
0-2: Strikes out looking
Bottom of the 6th over - 5 runs, 5 hits, 1 error, 1 left on base; El Dorado 1 - St. Louis 12
TOP OF THE 7TH
El Dorado Oilers batting - Pitching for St. Louis Browns : RHP Máximo Marín
Batting: LHB José Hernández 0-0: Called Strike
0-1: Ball
1-1: Ball
2-1: Foul Ball, location: 2F
2-2: Foul Ball, location: 2F
2-2: Strikes out looking
Batting: RHB Ernesto Acosta 0-0: Swinging Strike
0-1: Ball
1-1: Ball
2-1: Ball
3-1: Called Strike
3-2: Strikes out swinging, 2-3 out at first.
Batting: RHB Bob Johnson 0-0: Called Strike
0-1: Ball
1-1: Ball
2-1: SINGLE (Groundball, 34S) (infield hit)
Batting: RHB Sixto Vélez 0-0: Swinging Strike
0-1: Foul Ball, location: 2F
0-2: Foul Ball, location: 2F
0-2: Ball
1-2: Ball
2-2: Ball
3-2: Strikes out swinging
Top of the 7th over - 0 runs, 1 hit, 0 errors, 1 left on base; El Dorado 1 - St. Louis 12
BOTTOM OF THE 7TH
St. Louis Browns batting - Pitching for El Dorado Oilers : RHP Pete Cook
Batting: RHB Manuel Alonso 0-0: Ball
1-0: SOLO HOME RUN (Flyball, 7LD), Distance : 358 ft
Batting: RHB Jeff Jones 0-0: Ball
1-0: Ball
2-0: Ball
3-0: Called Strike
3-1: Foul Ball, location: 2F
3-2: Base on Balls
Batting: LHB Mike Hill 0-0: Ball
1-0: Fly out, F4 (Line Drive, 4)
Now at 2B: Nick Webb
Batting: LHB Marvin Morris 0-0: Foul Ball, location: 2F
0-1: Ball
1-1: Grounds into double play, 3-6-3 (Groundball, 34)
Bottom of the 7th over - 1 run, 1 hit, 0 errors, 0 left on base; El Dorado 1 - St. Louis 13
TOP OF THE 8TH
El Dorado Oilers batting - Pitching for St. Louis Browns : RHP Máximo Marín
Batting: RHB Chris Parker 0-0: Ball
1-0: Ball
2-0: Ground out 5-3 (Groundball, 56S)
Batting: RHB José Carlos Caraballo 0-0: Called Strike
0-1: Called Strike
0-2: Ball
1-2: Ball
2-2: Ball
3-2: Foul Ball, location: 2F
3-2: Foul Ball, location: 2F
3-2: Base on Balls
Batting: LHB Ashley Pickhills 0-0: Called Strike
0-1: Ball
1-1: Ball
2-1: Ball
3-1: Base on Balls
José Carlos Caraballo to second
Batting: LHB Mathew Clayton 0-0: Fielders Choice at 2nd, 6-4 (Groundball, 6M)
José Carlos Caraballo to third
Batting: RHB Nick Webb 0-0: Called Strike
0-1: Swinging Strike
0-2: Strikes out swinging
Top of the 8th over - 0 runs, 0 hits, 0 errors, 2 left on base; El Dorado 1 - St. Louis 13
BOTTOM OF THE 8TH
St. Louis Browns batting - Pitching for El Dorado Oilers : RHP Pete Cook
Batting: LHB Dave Watson 0-0: Ball
1-0: Ball
2-0: Ball
3-0: Base on Balls
Batting: LHB Junior Coates 0-0: Grounds into double play, 1-6-3 (Groundball, 13)
Batting: RHB Anthony Rucker 0-0: SINGLE (Flyball, 7LM)
Batting: RHB Javier Martínez 0-0: Fly out, F8 (Flyball, 8LD)
Bottom of the 8th over - 0 runs, 1 hit, 0 errors, 1 left on base; El Dorado 1 - St. Louis 13
TOP OF THE 9TH
El Dorado Oilers batting - Pitching for St. Louis Browns : RHP Máximo Marín
Batting: LHB José Hernández 0-0: Called Strike
0-1: Ground out 6-3 (Groundball, 56)
Batting: RHB Ernesto Acosta 0-0: Called Strike
0-1: Foul Ball, location: 2F
0-2: Foul Ball, location: 2F
0-2: Strikes out swinging
Batting: RHB Bob Johnson 0-0: Ball
1-0: Called Strike
1-1: Swinging Strike
1-2: Ball
2-2: Strikes out swinging
Top of the 9th over - 0 runs, 0 hits, 0 errors, 0 left on base; El Dorado 1 - St. Louis 13
Saturday, December 16th, 2017 - OOTP Baseball 18.8 Build 76